 Dungeon Crawl Stone Soup version 0.21-a0-286-g6fcecc0 (webtiles) character file.

37 qqqbard the Shooter (level 3, 0/31 HPs)
             Began as a Centaur Hunter on Sept 27, 2017.
             Slain by a hobgoblin (5 damage)
             ... on level 1 of the Dungeon.
             The game lasted 00:01:11 (528 turns).

qqqbard the Shooter (Centaur Hunter)                 Turns: 528, Time: 00:01:12

Health: 0/31       AC:  4    Str: 14    XL:     3   Next: 23%
Magic:  3/3        EV:  9    Int: 10    God:
Gold:   41         SH:  0    Dex: 10    Spells: 2/2 levels left

rFire    . . .     SeeInvis .   b - +0 short sword
rCold    . . .     Gourm    .   (no shield)
rNeg     . . .     Faith    .   c - +0 leather armour
rPois    .         Spirit   .   (no helmet)
rElec    .         Reflect  .   (no cloak)
rCorr    .         Harm     .   (no gloves)
MR       .....                  (no barding)
Stlth    +.........             (no amulet)
HPRegen  0.10/turn              (no ring)
MPRegen  0.08/turn              (no ring)

@: very quick
A: hooves 3, deformed body, speed 2, tough skin 3
a: no special abilities


You were on level 1 of the Dungeon.
You were not hungry.

You visited 1 branch of the dungeon, and saw 1 of its levels.

You collected 41 gold pieces.

Inventory:

Hand Weapons
 a - a +1 shortbow
 b - a +0 short sword (weapon)
Missiles
 d - 20 arrows
Armour
 c - a +0 leather armour (worn)
Comestibles
 f - 2 bread rations
 g - 13 chunks of flesh


   Skills:
 + Level 3.0 Fighting
 * Level 5.7 Bows
 + Level 0.4 Armour
 + Level 1.5 Dodging
 - Level 0.4 Stealth


You had 2 spell levels left.
You didn't know any spells.

Dungeon Overview and Level Annotations

Branches:
Dungeon (1/15)

Altars:


Innate Abilities, Weirdness & Mutations

You have hooves in place of feet.
Armour fits poorly on your strangely shaped body.
You cover ground very quickly.
You have extremely tough skin. (AC +3)


Message History

You see here a giant cockroach corpse.
You butcher the giant cockroach corpse.
The hobgoblin shouts!
The hobgoblin moves out of view.
g - 12 chunks of flesh (gained 1)
g - 13 chunks of flesh (gained 1)
You see here a club.
You start resting.
You hit the hobgoblin but do no damage. The hobgoblin closely misses you.
You barely miss the hobgoblin.
The hobgoblin hits you but does no damage.
You barely miss the hobgoblin. The hobgoblin closely misses you.
You hit the hobgoblin but do no damage. The hobgoblin closely misses you.
You hit the hobgoblin.
The hobgoblin is moderately wounded.
The hobgoblin closely misses you.
You hit the hobgoblin.
The hobgoblin is heavily wounded.
The hobgoblin hits you.
You die...

##################
####................
#......###.....#..#
#.###..#.#........####
#.#...............)..#
###.#.#..#.#....)...##.#
......#..###.....g..##.##.#
.##....÷........@##........
.......############.##.####
.##....### #.. ..
.##......## #..# ##
.##.......# ##..
†......#.#... .#.
)......#..... .#.
.........#... .# #
..........#..


You could see a hobgoblin.

Vanquished Creatures
  3 dart slugs (D:1)
  2 giant cockroaches (D:1)
  4 goblins (D:1)
  5 hobgoblins (D:1)
  4 jackals (D:1)
  3 bats (D:1)
  5 kobolds (D:1)
  A rat (D:1)
27 creatures vanquished.

Notes
Turn   | Place    | Note
-------+----------+-------------------------------------------
     0 | D:1      | qqqbard the Centaur Hunter began the quest for the Orb.
     0 | D:1      | Reached XP level 1. HP: 17/17 MP: 1/1
    88 | D:1      | Reached XP level 2. HP: 25/25 MP: 2/2
   471 | D:1      | Reached XP level 3. HP: 12/30 MP: 3/3
   528 | D:1      | Slain by a hobgoblin

Vault maps used:
D:1:      lemuel_arrival_behind_the_door_large, minmay_surrounded

Skill      XL: |  1  2  3 |
---------------+----------+-----
Fighting       | 3 |  3.0
Bows           | |  5.7
Armour         | |  0.4
Dodging        | |  1.5
Stealth        | |  0.4

Action                   || total
-------------------------++-------
Melee: Short sword       ||    77
       Kick              ||    14
 Fire: Shortbow          ||     7
Armor: Leather armour    ||    26
Dodge: Dodged            ||    43

Table legend:
 A = Spawn XP
 B = Non-spawn XP
 C = Spawn XP percentage of total XP
 D = Spawn monster count
 E = Non-spawn monster count
 F = Spawn count percentage of total count
 G = Total turns spent on level
                    A         B        C        D         E        F      G
               +---------+---------+-------+---------+---------+-------+---------
         Total |       0 |      54 |   0.0 |       0 |      27 |   0.0 |   528
               +---------+---------+-------+---------+---------+-------+---------
           D:1 |       0 |      54 |   0.0 |       0 |      27 |   0.0 |   528
               +---------+---------+-------+---------+---------+-------+---------
